Map: Deathaura LE

Players

Massa

  • Race: Terran Terran
  • League: Platinum
  • Spawn Location: 5:00

superfil - Winner!

  • Race: Zerg Zerg
  • League: Platinum
  • Spawn Location: 11:00

VOD

Have the link to the VOD?

Description

Time

  • Played on: Oct. 24, 2020, 2:53 p.m.
  • Length: 16:01
Show
View Real Time Build Order
Export as new Build Order

Massa Terran 

Build Orders: 2 Factory, Reaper Expand 

Get SALT Encoding   

  12  0:00  SCV  
  13  0:12  SCV  
  14  0:17  Supply Depot  
  14  0:24  SCV  
  15  0:39  SCV  
  15  0:40  Barracks  
  16  0:47  Refinery  
  16  0:51  SCV  
  17  1:03  SCV  
  18  1:15  SCV  
  19  1:28  Orbital Command  
  19  1:29  Reaper  
  20  1:51  Command Center  
  20  1:59  SCV  
  21  2:03  Marine  
  21  2:06  Supply Depot  
  22  2:25  SCV  
  22  2:29  Barracks Reactor  
  23  2:31  Factory  
  23  2:38  SCV  
  24  2:50  SCV  
  25  3:06  Marine x2  
  27  3:13  Refinery  
  27  3:16  Factory Tech Lab  
  27  3:18  Supply Depot  
  27  3:19  Factory  
  27  3:24  Marine x2  
  29  3:33  SCV  
  30  3:42  Marine x2  
  30  3:45  SCV  
  33  3:48  Siege Tank  
  36  4:01  Marine  
  36  4:02  Marine  
  38  4:04  Factory Reactor  
  38  4:16  Supply Depot  
  38  4:19  Marine x2, Supply Depot  
  40  4:30  Supply Depot  
  40  4:37  Orbital Command  
  40  4:38  Siege Tank, Supply Depot  
  39  4:39  Marine x2  
  44  4:46  Starport  
  44  4:57  Marine x2  
  46  5:00  Orbital Command  
  46  5:17  Supply Depot  
  46  5:18  Bunker  
  46  5:19  SCV  
  46  5:20  Supply Depot  
  47  5:26  Hellion x2  
  47  5:28  Siege Tank  
  54  5:31  SCV  
  54  5:35  SCV  
  56  5:43  SCV  
  56  5:45  Liberator  
  56  5:47  SCV, Hellion  
  56  5:48  Hellion  
  65  5:55  SCV  
  66  5:59  SCV  
  66  6:02  Engineering Bay  
  67  6:04  Supply Depot  
  67  6:07  SCV  
  67  6:09  Hellion  
  70  6:11  SCV  
  71  6:24  SCV  
  71  6:25  SCV  
  73  6:28  Supply Depot  
  73  6:29  Refinery  
  73  6:31  Refinery  
  73  6:32  Missile Turret  
  73  6:36  SCV  
  73  6:37  SCV  
  75  6:41  Missile Turret  
  75  6:49  SCV x2  
  75  6:52  Medivac  
  79  6:54  Missile Turret  
  79  6:57  Widow Mine  
  81  7:02  Missile Turret  
  80  7:16  Missile Turret  
  80  7:18  Widow Mine  
  82  7:25  Hellion x2  
  82  7:26  Medivac, Missile Turret  
  88  7:38  Missile Turret  
  88  7:39  Siege Tank  
  91  7:46  Hellion  
  91  7:47  Hellion  
  85  8:11  SCV x2  
  85  8:12  Marine  
  87  8:13  Marine  
  87  8:16  Siege Tank  
  92  8:20  Barracks  
  92  8:23  SCV  
  93  8:28  Medivac  
  93  8:29  Barracks  
  93  8:30  Marine  
  93  8:31  Marine  
  93  8:32  Command Center  
  97  8:48  Marine x2  
  99  9:06  Marine x2  
  101  9:12  Barracks Tech Lab  
  101  9:14  Widow Mine  
  101  9:15  Widow Mine  
  105  9:24  Marine x2  
  101  9:36  Widow Mine x2  
  105  9:41  Marine  
  105  9:42  Marine  
  107  9:47  Orbital Command  
  107  9:50  Stimpack  
  104  9:55  Barracks Tech Lab  
  104  10:06  Medivac  
  106  10:17  Orbital Command  
  106  10:21  Widow Mine  
  106  10:22  Widow Mine  
  107  10:36  Medivac  
  107  10:40  SCV  
  107  10:41  SCV  
  107  10:42  SCV  
  112  10:43  Widow Mine x2  
  116  10:52  SCV  
  116  10:53  SCV  
  116  10:54  SCV  
  116  10:55  Marauder x2  
  116  10:56  Marine x2  
  125  10:59  Combat Shield  
  125  11:03  Siege Tank  
  128  11:04  Widow Mine x2, SCV  
  133  11:11  Missile Turret  
  133  11:17  Supply Depot x2  
  133  11:18  Supply Depot  
  133  11:19  Supply Depot x3  
  133  11:21  Supply Depot  
  133  11:22  Supply Depot  
  133  11:23  Supply Depot  
  133  11:26  Marine, Supply Depot  
  133  11:27  SCV x2, Marine  
  133  11:29  SCV  
  133  11:30  Marauder x2, Concussive Shells  
  133  11:31  Widow Mine  
  117  11:35  Siege Tank  
  117  11:39  SCV x2  
  106  11:44  Marine  
  106  11:45  Marine  
  104  11:51  SCV  
  104  11:52  Marauder x2  
  94  12:02  Marine x2  
  87  12:13  Marauder x2  
  89  12:20  Marine x2  
  68  12:32  Siege Tank  
  68  12:33  Widow Mine x2  
  68  12:34  Marauder x2  
  79  12:38  Marine x2  
  75  12:55  Widow Mine x2, Marine x3  
  75  12:56  Marine, Command Center  
  76  13:13  Marauder, Marine  
  76  13:14  Marauder, Marine  
  61  13:27  Siege Tank  
  61  13:30  Medivac  
  61  13:31  Marine  
  61  13:32  Marine  
  68  13:35  Marauder x2  
  72  13:44  Supply Depot  
  72  13:47  Supply Depot  
  72  13:49  Marine x2, Supply Depot  
  72  13:51  Missile Turret  
  74  13:56  Marauder, Marine  
  74  14:00  Medivac, Siege Tank  
  82  14:06  Orbital Command, Missile Turret  
  82  14:07  Marine x2  
  84  14:10  Widow Mine  
  84  14:11  Widow Mine  
  84  14:14  Marine  
  89  14:17  Marine  
  90  14:24  Marine  
  90  14:25  Marine  
  90  14:30  Medivac  
  94  14:31  Marine  
  94  14:32  Widow Mine x2, Siege Tank  
  94  14:35  Marine  
  103  14:42  Supply Depot  
  102  14:50  Marauder  
  82  14:53  Marauder  
  61  15:04  Siege Tank  
  55  15:11  Marauder  
  55  15:13  Marine x2  
  50  15:14  Marine  
  41  15:31  Marine x2  
  41  15:32  Marine x2  
Show
View Real Time Build Order
Export as new Build Order

superfil Zerg - Winner!

Build Orders: Hatch First, Muta Ling Bane 

Get SALT Encoding   

  12  0:02  Drone  
  13  0:09  Drone  
  14  0:17  Overlord  
  14  0:41  Hatchery  
  13  0:45  Drone  
  13  0:49  Drone  
  15  0:53  Drone  
  16  0:57  Drone  
  16  1:02  Extractor  
  16  1:13  Drone  
  17  1:20  Spawning Pool  
  16  1:43  Drone x2  
  16  1:44  Drone  
  19  1:55  Drone  
  19  1:57  Drone  
  21  2:18  Queen x2  
  21  2:20  Zergling x6  
  28  2:26  Overlord  
  28  2:28  Metabolic Boost  
  28  2:48  Drone  
  28  2:49  Drone x5  
  32  3:05  Zergling x2  
  32  3:06  Zergling x2  
  34  3:18  Zergling x4  
  36  3:26  Overlord  
  36  3:27  Overlord  
  36  3:41  Overlord x2  
  36  3:45  Overlord  
  36  3:59  Queen x2  
  36  4:00  Spore Crawler  
  38  4:03  Spore Crawler  
  38  4:07  Drone x3, Spore Crawler  
  39  4:24  Spore Crawler  
  39  4:28  Drone, Spore Crawler  
  39  4:29  Drone x4  
  42  4:36  Lair  
  42  4:41  Queen  
  42  4:42  Drone  
  42  4:43  Drone x3  
  48  4:50  Extractor  
  44  5:03  Extractor  
  44  5:04  Extractor  
  44  5:06  Baneling Nest  
  41  5:18  Drone x3  
  44  5:22  Hatchery  
  43  5:39  Spine Crawler  
  43  5:41  Drone x2  
  44  5:51  Zergling x2  
  44  5:52  Zergling x6  
  48  5:58  Spire  
  48  6:00  Zergling x4  
  49  6:11  Zergling x10  
  54  6:20  Zergling x2  
  54  6:24  Baneling x3  
  54  6:25  Baneling x5  
  55  6:27  Zergling x4  
  57  6:33  Centrifical Hooks  
  57  6:39  Drone x4  
  62  6:40  Drone x3  
  64  6:53  Drone x4  
  67  7:11  Drone x2  
  67  7:12  Drone  
  60  7:30  Zergling x12  
  60  7:31  Zergling x14  
  60  7:32  Zergling x2  
  74  7:37  Extractor  
  74  7:38  Extractor  
  74  7:40  Spine Crawler x2  
  65  8:00  Mutalisk  
  65  8:01  Mutalisk x6  
  65  8:04  Drone x2  
  81  8:05  Overlord  
  81  8:06  Overlord x2  
  81  8:12  Zerg Flyer Weapons Level 1  
  81  8:24  Overlord x3  
  81  8:25  Drone x2  
  81  8:26  Drone x2  
  85  8:30  Evolution Chamber  
  84  8:35  Drone x5  
  89  9:06  Spine Crawler  
  88  9:13  Drone x5  
  88  9:14  Drone x3  
  96  9:24  Spine Crawler  
  95  9:30  Mutalisk x6  
  95  9:31  Mutalisk  
  109  10:01  Zergling x20  
  109  10:02  Zergling x10  
  109  10:05  Zerg Melee Weapons Level 1  
  124  10:08  Hatchery  
  123  10:15  Mutalisk  
  123  10:16  Mutalisk x2  
  129  10:35  Baneling x5  
  129  10:36  Baneling x7  
  129  10:41  Overlord x2  
  129  10:42  Overlord  
  129  10:54  Overseer  
  129  11:00  Drone x5  
  129  11:01  Infestation Pit  
  109  11:37  Zergling x10  
  109  11:38  Zergling x34  
  122  11:59  Zerg Ground Armor Level 1  
  106  12:01  Zergling x2  
  106  12:02  Zergling x26  
  112  12:16  Zergling x2  
  112  12:17  Zergling x16  
  112  12:18  Zergling x2  
  107  12:38  Zergling x14  
  107  12:39  Zergling x6  
  110  12:54  Zergling x6  
  110  12:55  Zergling x16  
  110  12:56  Zergling x2  
  122  13:19  Zergling x6  
  114  13:20  Zergling x18  
  114  13:21  Zergling x2  
  123  13:28  Mutalisk x5  
  130  13:38  Baneling  
  130  13:39  Baneling x7  
  130  13:40  Baneling x4  
  128  13:48  Mutalisk  
  128  13:49  Mutalisk x11  
  145  14:06  Baneling x5  
  145  14:08  Queen x3  
  149  14:13  Spine Crawler  
  149  14:14  Spine Crawler  
  147  14:18  Drone x2, Spine Crawler  
  147  14:19  Spine Crawler  
  147  14:22  Baneling x4  
  147  14:23  Baneling x2  
  102  15:05  Zergling x18  
  102  15:06  Zergling x18  
  118  15:22  Mutalisk x6  
Tags
 
Add a new tag
Caveats
  • Supply blocks, unpowered buildings, or Contaminate may cause inaccurate times.
  • Supply counts are checked every 10 seconds.